 Dungeon Crawl Stone Soup version 0.28.0-49-g6dfe1f597d (webtiles) character file.

Game seed: 14343792737249153919

562 pkoi the Conjurer (level 6, -4/47 HPs)
             Began as a Demigod Hedge Wizard on May 17, 2022.
             Slain by a lemure (8 damage)
             ... led by Pikel
             ... on level 3 of the Dungeon.
             The game lasted 00:08:09 (7686 turns).

pkoi the Conjurer (Demigod Hedge Wizard)            Turns: 7686, Time: 00:08:10

Health: -4/47      AC:  3    Str: 11    XL:     6   Next: 83%
Magic:  13/13      EV: 12    Int: 24    God:
Gold:   169        SH:  0    Dex: 13    Spells: 5/11 levels left

rFire   . . .      SeeInvis .   d - +1 trident (vamp)
rCold   . . .      Faith    .   (no shield)
rNeg    . . .      Spirit   .   b - +0 robe
rPois   .          Reflect  .   o - +0 helmet
rElec   .          Harm     .   (no cloak)
rCorr   .          Rampage  .   (no gloves)
Will    +....                   (no boots)
Stlth   ++........              (no amulet)
HPRegen 0.15/turn               s - ring of willpower
MPRegen 0.13/turn               (no ring)

@: no status effects
A: high MP 1, forlorn, divine attributes
a: no special abilities


You were on level 3 of the Dungeon.
You visited 1 branch of the dungeon, and saw 4 of its levels.

You collected 169 gold pieces.

Inventory:

Hand Weapons
 a - a +0 dagger
 d - a +1 vampiric trident (weapon)
Missiles
 f - 5 boomerangs
 k - 10 poisoned darts
Armour
 b - a +0 robe (worn)
 c - a +0 hat
 o - a +0 helmet (worn)
Jewellery
 s - a ring of willpower (left hand)
Scrolls
 e - a scroll of identify
 j - a scroll of fear
Potions
 g - a potion of heal wounds
 h - 2 potions of might
 i - a potion of brilliance {unknown}
 l - a potion of haste


   Skills:
 + Level 1.2 Fighting
 + Level 1.3 Armour
 + Level 2.3 Dodging
 - Level 1.7 Stealth
 - Level 1.0 Unarmed Combat
 - Level 3.0 Spellcasting
 + Level 5.6 Conjurations
 - Level 0.8 Summonings
 - Level 0.8 Translocations
 + Level 1.0 Air Magic
 + Level 1.0 Poison Magic


You had 5 spell levels left.
You knew the following spells:

 Your Spells              Type           Power      Damage    Failure   Level
a - Magic Dart            Conj           100%       1d8       1%          1
b - Mephitic Cloud        Conj/Pois/Air  16%        N/A       11%         3
c - Blink                 Tloc           14%        N/A       12%         2

Your spell library contained the following spells:

 Spells                   Type           Power      Damage    Failure   Level
 Animate Skeleton         Necr           6%         N/A       11%         1
 Pain                     Necr           12%        1d4       11%         1
 Slow                     Hex            12%        N/A       11%         1
 Conjure Flame            Conj/Fire      17%        6-21      11%         3
 Call Imp                 Summ           7%         N/A       12%         2
 Vampiric Draining        Necr           3%         2d6       32%         3
 Hailstorm                Conj/Ice       17%        3d6       34%         4
 Ice Form                 Ice/Tmut       3%         N/A       71%         4
 Simulacrum               Ice/Necr       1%         N/A       100%        6
 Malign Gateway           Summ/Tloc      3%         N/A       100%        7
 Summon Horrible Things   Summ           3%         N/A       100%        8


Dungeon Overview and Level Annotations

Branches:
Dungeon (4/15)
 Temple: D:4-7

Annotations:
D:3 Pikel
D:4 Dowan, Duvessa


Innate Abilities, Weirdness & Mutations

You have an increased reservoir of magic. (+10% MP)
You shall have no god before yourself.
Your divine heritage dramatically boosts your attributes as you level up.


Message History

Duvessa barely misses you.
You climb upwards.
There is a stone staircase leading down here.
You start resting.
Your magical contamination has completely faded away.
You start resting.
Magic restored.
You start resting.
HP restored.
You see here a +0 whip.
There is an open door here.
There is a stone staircase leading down, spattered with blood here.
You climb downwards.
Level annotation: Dowan, Duvessa, Pikel The lemure shouts! x2; The orc priest shouts!
The lemure shouts!
You hear a shout!
There is a stone staircase leading up here.
Unknown command.
Unknown command.
Pikel hits you with a +1 whip of electrocution!
* * * LOW HITPOINT WARNING * * *
The orc priest looks braver for a moment.
The lemure barely misses you. The lemure hits you!
* * * LOW HITPOINT WARNING * * *
You climb upwards.
There is a stone staircase leading down, spattered with blood here.
Unknown command.
Unknown command.
The lemure closely misses you. The lemure hits you.
* * * LOW HITPOINT WARNING * * *
The lemure closely misses you.
Pikel hits you with a +1 whip of electrocution!
* * * LOW HITPOINT WARNING * * *
You are electrocuted!
* * * LOW HITPOINT WARNING * * *
There is an open door here.
Pikel says, "You'll make a fine lemure."
There is a stone staircase leading up here.
The lemure hits you!
You die...

.....###.#.###.#
..........#....#
##.#####.###.#####
#.# #.## ##....#
#.# ##.###.###.#
##'## ##.#.####.#
#...## ##.....).#
.....## #.#####.#
......## #.#.###@#
.....>.###....##5#
)......'....5..K.#
.......###.....#.#
......## #.#.#.#.#
.....## #.......#
#...## #####.###
##'## #.# #.# #.#


You could see Pikel and a lemure.

Vanquished Creatures
  Sigmund (D:4)
  An ogre (D:3)
  A lemure (D:3)
  A scorpion (D:4)
  A water moccasin skeleton (D:4)
  An orc wizard (D:4)
  2 hound skeletons (D:4)
  8 adders
  3 worms
  2 dart slugs
  4 orcs
  6 ball pythons
  5 endoplasms
  3 giant cockroaches (D:1)
  5 goblins
  11 hobgoblins
  4 jackals (D:1)
  5 quokkas
  4 bats
  A frilled lizard (D:2)
  8 kobolds
  10 rats
87 creatures vanquished.

Notes
Turn   | Place    | Note
-------+----------+-------------------------------------------
     0 | D:1      | pkoi the Demigod Hedge Wizard began the quest for the Orb.
     0 | D:1      | Reached XP level 1. HP: 14/14 MP: 6/6
    10 | D:1      | Reached skill level 1 in Conjurations
   619 | D:1      | Reached skill level 2 in Conjurations
   704 | D:1      | Reached XP level 2. HP: 14/20 MP: 2/8
  1740 | D:2      | Reached skill level 3 in Conjurations
  1740 | D:2      | Reached XP level 3. HP: 24/26 MP: 2/9
  3288 | D:2      | Reached XP level 4. HP: 33/33 MP: 6/10
  3636 | D:3      | Reached skill level 4 in Conjurations
  4363 | D:3      | Noticed an ogre
  4371 | D:3      | Killed an ogre
  4372 | D:3      | Reached skill level 5 in Conjurations
  4372 | D:3      | Reached XP level 5. HP: 38/38 MP: 4/11
  4904 | D:3      | Learned a level 3 spell: Mephitic Cloud
  5453 | D:4      | Reached XP level 6. HP: 33/45 MP: 13/13
  6021 | D:4      | Learned a level 2 spell: Blink
  6063 | D:4      | Noticed Sigmund
  6108 | D:4      | Noticed Dowan
  6378 | D:4      | Noticed Pikel
  6877 | D:4      | Killed Sigmund
  6878 | D:4      | Reached skill level 1 in Fighting
  6878 | D:4      | Reached skill level 1 in Armour
  6878 | D:4      | Reached skill level 1 in Unarmed Combat
  6878 | D:4      | Reached skill level 1 in Air Magic
  6878 | D:4      | Reached skill level 1 in Poison Magic
  7513 | D:4      | Noticed Duvessa
  7675 | D:3      | HP: 2/47 [Pikel/+1 whip of electrocution (10)]
  7686 | D:3      | Slain by a lemure

Illustrated notes

Levels and vault maps discovered:
D:1:      scummos_arrival_hexagon, layout_basic
D:2:      layout_basic, shapermc_ecumenical_altar_starsandcircs,
          chequers_arboretum
D:3:      layout_loops_corners, gup_sewer_entry_spiral, feat_on_display
D:4:      layout_cave_pods, gammafunk_temple_overflow_wave, serial_column_ruins,
          column_ruins_hut, column_ruins_open_medium, column_ruins_grid_1,
          column_ruins_open_small, uniq_sigmund, uniq_duvessa,
          uniq_blork_the_orc, uniq_pikel

Skill      XL: |  1  2  3  4  5  6 |
---------------+-------------------+-----
Conjurations   | 2 3 5 |  5.6
Dodging        | 2 |  2.3
Fighting       | 1 |  1.2
Armour         | 1 |  1.3
Unarmed Combat | 1 |  1.0
Air Magic      | 1 |  1.0
Poison Magic   | 1 |  1.0
Spellcasting   | 3 |  3.0
Stealth        | |  1.7
Summonings     | |  0.8
Translocations | |  0.8

Action                   |  1- 3 |  4- 6 || total
-------------------------+-------+-------++-------
Melee: Trident           |    29 |    87 ||   116
 Cast: Magic Dart        |    99 |   113 ||   212
       Mephitic Cloud    |       |     1 ||     1
  Use: Scroll            |       |    11 ||    11
       Potion            |       |     3 ||     3
 Stab: Sleeping          |       |     2 ||     2
Armor: Robe              |     4 |    23 ||    27
Dodge: Dodged            |    34 |    94 ||   128
